 Dungeon Crawl Stone Soup version 0.20.1-1-g8b1a95d (webtiles) character file.

721 Timinator the Insei (level 7, -3/54 HPs)
             Began as a Vampire Monk on Sept 2, 2017.
             Slain by Grinder (9 damage)
             ... on level 5 of the Dungeon.
             The game lasted 00:52:06 (3567 turns).

Timinator the Insei (Vampire Monk)                  Turns: 3567, Time: 00:52:06

Health: -3/54      AC:  5    Str: 10    XL:     7   Next: 43%
Magic:  7/7        EV: 13    Int: 14    God:
Gold:   241        SH:  0    Dex: 17    Spells: 6/6 levels left

rFire    . . .     SeeInvis +     - Unarmed
rCold    . . .     Gourm    .   (no shield)
rNeg     . . .     Faith    .   e - +0 ring mail
rPois    .         Spirit   .   (no helmet)
rElec    .         Reflect  .   (no cloak)
rCorr    .         Harm     .   (no gloves)
MR       .....                  (no boots)
Stlth    ++........             (no amulet)
Regen    0.4/turn               (no ring)
MPRegen  0.1/turn               (no ring)

@: regenerating quickly
A: fangs 3, see invisible, unbreathing
a: no special abilities


You were on level 5 of the Dungeon.
You were full.

You visited 1 branch of the dungeon, and saw 5 of its levels.

You collected 241 gold pieces.

Inventory:

Armour
 a - a +0 robe
 e - a +0 ring mail (worn)
Wands
 k - a wand of random effects (23/48)
Scrolls
 d - 4 scrolls of identify
 g - 2 scrolls of blinking {unknown}
 h - 2 scrolls of teleportation
 i - a scroll of amnesia {unknown}
 j - a scroll of magic mapping {unknown}
 l - a scroll of fear {unknown}
 m - a scroll of recharging {unknown}
 o - a scroll of remove curse {unknown}
Potions
 b - 16 potions of blood
 f - a potion of ambrosia


   Skills:
 * Level 4.0 Fighting
 + Level 3.2 Armour
 * Level 5.5 Dodging
 - Level 3.0 Stealth
 + Level 6.0 Unarmed Combat


You had 6 spell levels left.
You didn't know any spells.

Dungeon Overview and Level Annotations

Branches:
Dungeon (5/15)
 Temple: D:4-7

Altars:
Cheibriados

Annotations:
D:5 Grinder


Innate Abilities, Weirdness & Mutations

Your natural rate of healing is unusually fast.
You have razor-sharp teeth.
You have supernaturally acute eyesight. (SInv)
You can survive without breathing.


Message History

* * * LOW HITPOINT WARNING * * *
Grinder says, "Don't move a muscle."
Grinder rolls her eyes.
Okay, then.
Aiming: Random Effects (will waste charges)
Press: ? - help, Shift-Dir - straight line, f - Grinder
Aim: Grinder (lightly wounded)
The fireball explodes!
The fireball engulfs Grinder.
Grinder is heavily wounded.
The fireball engulfs you!
* * * LOW HITPOINT WARNING * * *
Evoking this partially-identified wand wasted a few charges.
You hear a shout!
Grinder closely misses you.
A bullfrog skeleton comes into view.
As you read the scroll labeled NIULAX HICUO, it crumbles to dust.
It is a scroll of identify.
h - 2 scrolls of teleportation Grinder hits you!
You die...

#...#
###.##.#.....#
### #...#
#........###
#...#
####.#########
#...# #.....(...#
# #...#
#########.# #
#...# #%# #
.##.###.##
#.#####
.......)#########
#......
.....>..))..g5@.#
#######
........#######.#
....###.# Z# c##.
#.# .. . #.# .##
# #.# .# #.# ..
.. #.


You could see Grinder, a gnoll and a bullfrog skeleton.

Vanquished Creatures
  A phantom (D:4)
  2 ogres
  A centaur (D:5)
  2 crimson imps
  An orc priest (D:5)
  Jessica (D:2)
  A centaur skeleton (D:4)
  An iguana (D:4)
  6 adders
  3 gnolls (D:5)
  An ooze (D:2)
  2 adder skeletons
  4 worms
  A dart slug (D:1)
  6 leopard geckos
  4 orcs
  5 giant cockroaches
  8 goblins
  10 hobgoblins
  9 jackals
  3 quokkas
  2 ball pythons (D:3)
  5 bats
  3 frilled lizards
  9 kobolds
  11 rats
102 creatures vanquished.

Notes
Turn   | Place    | Note
-------+----------+-------------------------------------------
     0 | D:1      | Timinator the Vampire Monk began the quest for the Orb.
     0 | D:1      | Reached XP level 1. HP: 17/17 MP: 1/1
   220 | D:1      | Reached XP level 2. HP: 19/23 MP: 2/2
   760 | D:2      | Reached XP level 3. HP: 22/29 MP: 3/3
   815 | D:2      | Reached skill level 4 in Unarmed Combat
   961 | D:2      | Noticed Jessica
   982 | D:2      | Killed Jessica
   982 | D:2      | Reached XP level 4. HP: 34/35 MP: 4/4
  1133 | D:2      | Found a snail-covered altar of Cheibriados.
  1524 | D:2      | Reached skill level 1 in Armour
  2205 | D:3      | Reached XP level 5. HP: 35/41 MP: 5/5
  2413 | D:4      | Reached skill level 5 in Unarmed Combat
  2674 | D:4      | Noticed an ogre
  2691 | D:4      | Killed an ogre
  2691 | D:4      | Reached XP level 6. HP: 47/47 MP: 6/6
  3200 | D:5      | Entered Level 5 of the Dungeon
  3315 | D:5      | Reached skill level 5 in Dodging
  3344 | D:5      | Reached XP level 7. HP: 26/53 MP: 7/7
  3451 | D:5      | Noticed Grinder
  3545 | D:5      | Reached skill level 6 in Unarmed Combat
  3567 | D:5      | Slain by Grinder

Skill      XL: |  1  2  3  4  5  6  7 |
---------------+----------------------+-----
Fighting       | 3 4 |  4.0
Unarmed Combat | 4 5 6 |  6.0
Dodging        | 4 5 |  5.5
Armour         | 1 2 3 |  3.2
Stealth        | |  3.0

Action                   |  1- 3 |  4- 6 |  7- 9 || total
-------------------------+-------+-------+-------++-------
Melee: Unarmed           |   111 |   312 |    68 ||   491
       Bite              |    10 |    26 |     7 ||    43
       Punch             |     2 |     9 |     2 ||    13
 Abil: End Transformatio |       |     1 |       ||     1
       Bat Form          |       |     1 |       ||     1
Evoke: Wand              |       |       |     3 ||     3
  Use: Potion            |     2 |     9 |     2 ||    13
       Scroll            |       |       |     1 ||     1
 Stab: Sleeping          |     4 |     7 |       ||    11
       Invisible         |       |     2 |       ||     2
  Eat: Corpse            |     6 |     8 |       ||    14
Armor: Robe              |     3 |       |       ||     3
       Ring mail         |    16 |    58 |    17 ||    91
Dodge: Dodged            |    64 |   166 |    49 ||   279
